AoeStats
← 刀尖上跳舞

Black Forest

509595437Analyzed
4v4 RM · 5d ago on Sep 27, 2026· 43m 44s· 8 players
Game mode
Random Map
Map size
Large (8 player)
Population
200
Speed
Normal
Resources
Standard
Victory
Conquest
Starting age
Dark Age
Ending age
Imperial Age
RankedLock teamsTeams togetherTeam positionsShared explorationLock speedFull tech treeHidden civsTurbo modeCheats
Victory
Defeat
🇦🇺 Burgundians · Australia
1117
+16
🇦🇺 Italians · Australia
1106
+16
🇹🇷 Celts · Türkiye
1081
+17
🇳🇱 Wei · Netherlands
1077
+17
🇹🇼 Goths · Taiwan
1137
-17
🇨🇾 Teutons · Cyprus
1109
-17
🇫🇷 Malay · France
1098
-16
🇨🇳 Huns · China
1092
-16
bimurock
0:38 Loom
12:24 Feudal Age
13:40 Wheelbarrow
12:56 Double-Bit Axe
12:36 Man-at-Arms
18:53 Castle Age
17:09 Horse Collar
18:17 Stone Mining
21:32 Bow Saw
27:52 Fletching
28:44 Hand Cart
28:43 Bodkin Arrow
28:53 Crossbowman
30:25 Forging
30:16 Padded Archer Armor
30:46 Scale Mail Armor
31:46 Iron Casting
31:02 Treadmill Crane
31:18 Murder Holes
31:26 Squires
31:04 Crossbowman
32:19 Ballistics
32:28 Gold Mining
33:13 Stone Shaft Mining
34:10 Anarchy
33:44 Pikeman
35:13 Town Watch
刀尖上跳舞
11:28 Feudal Age
12:20 Double-Bit Axe
16:16 Castle Age
16:40 Forging
19:37 Gold Mining
elromanus
7:11 Loom
12:37 Feudal Age
12:35 Double-Bit Axe
16:08 Castle Age
15:18 Fishing Lines
17:04 Gillnets
18:56 Gold Mining
19:41 Bow Saw
20:04 Caravan
20:46 Coinage
22:29 Forging
24:38 Gold Shaft Mining
23:54 Stone Mining
32:30 Imperial Age
31:19 Elite Battle Elephant
32:40 Iron Casting
32:11 Scale Barding Armor
JonnyD
4:44 Loom
11:47 Feudal Age
17:04 Castle Age
16:29 Double-Bit Axe
17:46 Fishing Lines
21:33 Bow Saw
24:43 Gold Mining
26:01 Stone Mining
29:00 Imperial Age
27:15 Scale Mail Armor
27:26 Forging
28:15 Chain Mail Armor
28:07 Pikeman
28:48 Squires
30:07 Iron Casting
31:08 Plate Mail Armor
31:36 Gold Mining
32:23 Wheelbarrow
31:34 Town Watch
31:36 Halberdier
33:43 Blast Furnace
33:07 Crenellations
34:55 Gillnets
35:22 Hand Cart
35:08 Town Patrol
35:01 Fletching
35:16 Scale Barding Armor
35:05 Horse Collar
36:32 Two-Man Saw
36:11 Bodkin Arrow
38:22 Chain Barding Armor
38:00 Cavalier
38:52 Bloodlines
39:59 Fortified Wall
39:55 Siege Engineers
41:34 Conscription
42:54 Plate Barding Armor
42:31 Padded Archer Armor
rca
0:34 Loom
13:24 Feudal Age
19:44 Castle Age
18:14 Double-Bit Axe
18:30 Horse Collar
19:09 Man-at-Arms
19:51 Stone Mining
20:24 Gold Mining
20:57 Gambesons
21:30 Heavy Plow
25:41 Long Swordsman
29:00 Gold Shaft Mining
29:30 Scale Mail Armor
29:48 Town Watch
31:14 Bow Saw
31:27 Arson
32:35 Wheelbarrow
32:27 Pikeman
37:44 Imperial Age
37:49 Hand Cart
39:19 Conscription
39:12 Forging
38:48 Two-Handed Swordsman
39:48 Chain Mail Armor
39:50 Onager
42:20 Iron Casting
42:16 Plate Mail Armor
42:57 Chemistry
42:10 Fletching
42:52 Champion
43:22 Halberdier
Titan Uranus
0:39 Loom
1:05 Loom
11:46 Feudal Age
15:33 Castle Age
14:44 Double-Bit Axe
14:41 Horse Collar
20:24 Fletching
24:01 Heavy Plow
27:38 Wheelbarrow
30:13 Hand Cart
32:36 Imperial Age
30:33 Scale Mail Armor
30:43 Forging
30:47 Bodkin Arrow
32:11 Silk Road
33:20 Bracer
35:11 Chain Mail Armor
35:31 Iron Casting
34:57 Padded Archer Armor
34:19 Pikeman
35:03 Squires
36:05 Bow Saw
36:26 Crop Rotation
37:19 Chemistry
35:50 Elite Genoese Crossbowman
37:11 Murder Holes
38:08 Leather Archer Armor
39:29 Pirotechnia
40:13 Plate Mail Armor
40:43 Blast Furnace
Serthirius
12:44 Feudal Age
13:16 Double-Bit Axe
13:19 Fishing Lines
13:22 Horse Collar
18:57 Castle Age
17:24 Gold Mining
17:26 Stone Mining
20:13 Bow Saw
22:00 Heavy Plow
21:57 Gillnets
24:35 Wheelbarrow
24:38 Gold Shaft Mining
26:28 Stone Shaft Mining
26:15 Hand Cart
29:37 Imperial Age
26:55 Town Watch
27:06 Fletching
27:26 Forging
27:22 Scale Barding Armor
28:51 Loom
29:07 Town Patrol
29:46 Iron Casting
29:09 Bodkin Arrow
29:24 Husbandry
29:38 Bloodlines
30:04 Heavy Hei Guang Cavalry
34:13 Ming Guang Armor
41:01 Blast Furnace
40:22 Chain Barding Armor
40:03 Bracer
40:15 Tuntian
40:36 Conscription
43:00 Chemistry
42:15 Masonry
42:30 Ballistics
42:13 Padded Archer Armor
42:14 Scale Mail Armor
X Snowy
2:19 Loom
2:55 Loom
3:29 Loom
3:53 Loom
4:24 Loom
4:59 Loom
5:46 Double-Bit Axe
12:23 Feudal Age
11:15 Gold Mining
11:43 Horse Collar
15:41 Wheelbarrow
17:48 Castle Age
17:28 Bow Saw
17:59 Gold Shaft Mining
18:18 Forging
18:16 Heavy Plow
18:03 Cavalier
18:44 Husbandry
19:44 Scale Barding Armor
25:18 Iron Casting
26:11 Wheelbarrow
26:32 Chain Barding Armor
28:26 Hand Cart
29:30 Town Watch
30:40 Stone Mining
33:23 Imperial Age
34:30 Crop Rotation
35:03 Two-Man Saw
34:41 Stone Shaft Mining
33:57 Paladin
36:37 Blast Furnace
37:48 Treadmill Crane
38:18 Masonry
39:10 Chemistry
37:55 Arrowslits
38:18 Elite Skirmisher
40:11 Plate Barding Armor
39:37 Fletching
39:48 Padded Archer Armor
39:49 Scale Mail Armor
Connection lost

Rejoining the realm…

Still unreachable

The connection could not be restored.

Session expired

The server has moved on; the page needs a fresh start.